 Dungeon Crawl Stone Soup version 0.13.0-17-g5f0e85f (webtiles) character file.

227 Impy the Ducker (level 4, -3/35 HPs)
             Began as a Demonspawn Gladiator on Oct 21, 2013.
             Slain by a gnoll
             ... wielding a +0,+0 spear
              (4 damage)
             ... on Level 3 of the Dungeon.
             The game lasted 00:05:08 (1516 turns).

Impy the Ducker (Demonspawn Gladiator)              Turns: 1516, Time: 00:05:08

HP  -3/35        AC  4     Str 15      XL: 4   Next: 62%
MP   0/3         EV 12     Int 11      God:
Gold 116         SH  0     Dex 13      Spells:  0 memorised,  3 levels left

Res.Fire  : . . .   See Invis. : .   j - +1,+2 dwarf mace
Res.Cold  : . . .   Warding    : .   b - +0 leather armour
Life Prot.: . . .   Conserve   : .   (no shield)
Res.Poison: .       Res.Corr.  : .   (helmet restricted)
Res.Elec. : .       Clarity    : .   p - +0 cloak (curse)
Sust.Abil.: . .     Spirit.Shd : +   (no gloves)
Res.Mut.  : .       Stasis     : .   (no boots)
Res.Rott. : .       Flight     : .   (no amulet)
Saprovore : . . .                    (no ring)
                                     (no ring)

@: slightly resistant to hostile enchantments, very unstealthy
A: antennae 1, magic shield, magic regeneration
a: no special abilities


You were on level 3 of the Dungeon.
You were not hungry.

You visited 1 branch of the dungeon, and saw 3 of its levels.

You collected 96 gold pieces.

Inventory:

Hand weapons
 a - a +0,+0 mace
 j - a +1,+2 dwarven mace (weapon)
 n - a +2,+4 quarterstaff of chaos
Armour
 b - a +0 leather armour (worn)
 p - a cursed +0 cloak (worn)
Comestibles
 f - a bread ration
 h - a choko
 m - a meat ration
 o - a banana
 q - a rotting chunk of quokka flesh
Scrolls
 i - 2 scrolls of fog
 k - 2 scrolls of curse armour
Potions
 c - a potion of brilliance {unknown}
 s - a potion of invisibility {unknown}


   Skills:
 - Level 2.0 Fighting
 + Level 3.9 Maces & Flails
 - Level 1.7 Throwing
 + Level 4.0 Dodging


You had 3 spell levels left.
You didn't know any spells.

Dungeon Overview and Level Annotations

Branches:
Dungeon (3/27)

Altars:


Innate Abilities, Weirdness & Mutations

You have a pair of small antennae on your head.
When hurt, damage is shared between your health and your magic reserves.
You regenerate magic rapidly.


Message History

The gnoll struggles against the net.
The net rips apart, and the gnoll comes free!
The gnoll misses you.
A gnoll comes into view. It is wielding a flail.
You hit the gnoll.
The gnoll is moderately wounded.
The gnoll hits you with a spear.
* * * LOW HITPOINT WARNING * * *
Throwing (i - inventory):
d - a throwing net [frayed] (quivered)
Press: ? - help, Shift-Dir - straight line, f/p - gnoll
Aim: a gnoll, wielding a spear (moderately wounded)
You throw a throwing net [frayed].
The throwing net [frayed] misses the gnoll.
The throwing net [frayed] hits the gnoll.
The gnoll is caught in the net!
The gnoll struggles against the net.
The gnoll closely misses you.
Drink which item? (? for menu, Esc to quit)
You feel refreshed.
It was a potion of restore abilities.
The gnoll struggles to escape the net.
The gnoll hits you with a spear.
You die...

########## #...##...##
##########.........#
........##...##....#
...................#
..#####.###.########
<...............@gg#
..#####.###%######....#
..#####.# #.# ....#
.....##.# #.# ....#
%....##.###.# .####
.....##.#...# g#
..>####.#...# .# ...#
#......# .# ...#
#...##.#


g You could see 2 gnolls.

Vanquished Creatures
  Crazy Yiuf (D:2)
  A gnoll (D:3)
  4 adders
  3 giant geckos
  A giant cockroach (D:1)
  4 goblins
  3 hobgoblins
  4 jackals (D:2)
  2 quokkas (D:2)
  3 bats
  4 giant newts
  5 kobolds
  3 rats
38 creatures vanquished.

Vanquished Creatures (others)
  An orc priest (D:3)
  An orc (D:3)
2 creatures vanquished.

Grand Total: 40 creatures vanquished

Notes
Turn   | Place    | Note
--------------------------------------------------------------
     0 | D:1      | Impy, the Demonspawn Gladiator, began the quest for the Orb.
     0 | D:1      | Reached XP level 1. HP: 17/17 MP: 0/0
   363 | D:1      | Reached skill level 3 in Dodging
   399 | D:1      | Gained mutation: When hurt, damage is shared between your health and your magic reserves. [demonic ancestry]
   399 | D:1      | Reached XP level 2. HP: 12/23 MP: 1/1
   876 | D:2      | Gained mutation: You have a pair of small antennae on your head. [demonic ancestry]
   876 | D:2      | Reached XP level 3. HP: 24/28 MP: 2/2
  1002 | D:2      | Noticed Crazy Yiuf
  1013 | D:2      | Killed Crazy Yiuf
  1013 | D:2      | Gained mutation: You regenerate magic rapidly. [demonic ancestry]
  1013 | D:2      | Reached XP level 4. HP: 21/35 MP: 1/3
  1510 | D:3      | Reached skill level 4 in Dodging
  1514 | D:3      | HP: 1/35 [gnoll/spear (3)]
  1516 | D:3      | Slain by a gnoll

Action                   |  1- 3 |  4- 6 || total
-------------------------+-------+-------++-------
Melee: Mace              |    88 |    58 ||   146
Throw: Throwing net      |     7 |     2 ||     9
  Use: Scroll            |       |     6 ||     6
       Potion            |       |     1 ||     1
 Stab: Held in net/web   |     2 |     1 ||     3
